 Dungeon Crawl Stone Soup version 0.31-a0-187-gba352fbbf7 (webtiles) character file.

Game seed: 7432236751895028385

30 qw the Shooter (level 3, -3/20 HPs)
             Began as a Deep Elf Hunter on June 22, 2023.
             Succumbed to their own poison gas
             ... on level 1 of the Dungeon.
             The game lasted 00:00:13 (672 turns).

qw the Shooter (Deep Elf Hunter)                     Turns: 672, Time: 00:00:14

Health: -3/20      AC:  6    Str: 10    XL:     3   Next: 3%
Magic:  5/5        EV: 11    Int: 13    God:
Gold:   88         SH:  0    Dex: 18    Spells: 2/2 levels left

rFire   . . .        Y - +0 shortbow
rCold   . . .        (shield currently unavailable)
rNeg    . . .        h - +0 ring mail
rPois   .            (no helmet)
rElec   .            (no cloak)
rCorr   .            (no gloves)
SInv    .            f - +0 pair of boots
Will    .....        (no amulet)
Stlth   +            (no ring)
HPRegen 0.23/turn    (no ring)
MPRegen 0.09/turn

%: no passive effects
@: lethally poisoned (-3 -> -59), on berserk cooldown, slowed, very slow
A: no striking features
a: no special abilities


You were on level 1 of the Dungeon.
You visited 1 branch of the dungeon, and saw 1 of its levels.

You collected 88 gold pieces.


   Skills:
 - Level 1.5 Fighting
 + Level 6.6 Ranged Weapons
 - Level 2.4 Dodging
 - Level 1.2 Stealth


You had 2 spell levels left.
You didn't know any spells.
Your spell library was empty.

Inventory:

Hand Weapons
 Y - a +0 shortbow (weapon)
Armour
 f - a +0 pair of boots (worn)
 h - a +0 ring mail (worn)
Scrolls
 b - a scroll of butterflies
Potions
 d - a potion of enlightenment {unknown}
 g - a potion of berserk rage

Dungeon Overview and Level Annotations

Branches:
Dungeon (1/15)

Altars:


Message History

Enter note: Done exploring.
651 ||| UPGRADING to +0 pair of boots.
You start putting on your armour.
You continue putting on your +0 pair of boots. x4
You finish putting on your +0 pair of boots.
656 ||| UPGRADING to +0 ring mail.
You start removing your armour.
You continue taking off your +0 leather armour. x4
You finish taking off your +0 leather armour.
You start putting on your armour.
You continue putting on your +0 ring mail. x5
You finish putting on your +0 ring mail.
666 ||| DROPPING +0 leather armour.
You drop a +0 leather armour.
Done exploring.
667 ||| READING scroll labelled QEDOMY ZILACE.
The air fills with toxic fumes!
As you read the scroll labelled QEDOMY ZILACE, it crumbles to dust.
It was a scroll of poison.
Done exploring.
668 ||| DRINKING 2 bubbling cyan potions.
It was a potion of berserk rage.
A red film seems to cover your vision as you go berserk!
You feel yourself moving faster!
You feel mighty!
Really walk into that cloud of poison gas?
You feel a strong urge to attack something.
You are engulfed in poison gas.
You are poisoned.
You feel very sick.
You are engulfed in poison gas.
You are lethally poisoned!
You feel very sick.
You feel your anger nearly subside.
You are engulfed in poison gas.
You are more poisoned.
You feel very sick.
You are engulfed in poison gas.
You are more poisoned.
You are no longer berserk.
You are exhausted.
You feel yourself slow down.
You die...

#.# #.#.#.....#....# #... #.#
#.#.#.....#....# ####
#.########.#.#.....#....#######
#.......#....#.................
#######.#######....############
#########¤#¤¤¤¤¤¤¤¤¤.............
........¤¤¤¤¤¤¤¤¤#¤##############
.########¤¤¤¤¤¤¤¤¤¤¤.¤.##########
.# #¤¤¤¤¤¤¤@¤¤¤..........).. .#
#¤¤¤¤¤¤¤¤#.###.########## .#
#¤¤¤¤¤¤¤¤¤¤¤¤#.# .#
#¤¤¤¤¤¤¤¤¤¤¤¤#.# .#
#¤¤¤¤¤¤[¤#.###.# ### .#
#¤¤¤¤¤¤¤¤+.....# #.. .#
#¤¤¤¤¤¤¤¤#.###### #.# .#
###¤¤¤¤¤¤¤......# #.# .#
########)####.# #.#


There were no monsters in sight!

Vanquished Creatures
  A ball python (D:1)
  2 bats (D:1)
  5 endoplasms (D:1)
  2 goblins (D:1)
  4 hobgoblins (D:1)
  6 kobolds (D:1)
  A quokka (D:1)
  A frilled lizard (D:1)
  2 rats (D:1)
24 creatures vanquished.

Notes
Turn   | Place    | Note
-------+----------+-------------------------------------------
     0 | D:1      | qw the Deep Elf Hunter began the quest for the Orb.
     0 | D:1      | Reached XP level 1. HP: 12/12 MP: 3/3
     0 | D:1      | 0 ||| qw: Version: 0.3-a-9-g12657ce
     0 | D:1      | 0 ||| qw: Game counter: 2364
     0 | D:1      | 0 ||| qw: Always use a shield: true
     0 | D:1      | 0 ||| qw: God list: Okawaru
     0 | D:1      | 0 ||| qw: Allow faded altars: false
     0 | D:1      | 0 ||| qw: Do Orc after D:15 true
     0 | D:1      | 0 ||| qw: Do second Lair branch before Depths: true
     0 | D:1      | 0 ||| qw: Lair rune preference: random
     0 | D:1      | 0 ||| qw: Plans: Normal
     0 | D:1      | 0 ||| PLANNING D:1-11
   113 | D:1      | Reached skill level 6 in Ranged Weapons
   113 | D:1      | Reached XP level 2. HP: 16/16 MP: 4/4
   622 | D:1      | Reached XP level 3. HP: 20/20 MP: 5/5
   651 | D:1      | 651 ||| UPGRADING to +0 pair of boots.
   656 | D:1      | 656 ||| UPGRADING to +0 ring mail.
   666 | D:1      | 666 ||| DROPPING +0 leather armour.
   667 | D:1      | 667 ||| READING scroll labelled QEDOMY ZILACE.
   668 | D:1      | 668 ||| DRINKING 2 bubbling cyan potions.
   671 | D:1      | HP: 7/30 [poisoned by you (poison gas)]
   672 | D:1      | Succumbed to their own poison gas

Levels and vault maps discovered:
D:1:      amcnicky_arrival_flooded_fountain, layout_basic

Skill      XL: |  1 |
---------------+----+-----
Ranged Weapons | 6 |  6.6
Fighting       | |  1.5
Dodging        | |  2.4
Stealth        | |  1.2

Action                     || total
---------------------------++-------
   Fire: Shortbow          ||    48
    Use: Scroll            ||     1
         Potion            ||     1
 Armour: Leather armour    ||     3
  Dodge: Dodged            ||    11

Table legend:
 A = Non-vault XP
 B = Vault XP
 C = Vault XP percentage of total XP
 D = Non-vault monster count
 E = Vault monster count
 F = Vault count percentage of total count
                 A         B        C        D         E       F
            +---------+---------+-------+---------+---------+-------
      Total |      43 |       0 |   0.0 |      24 |       0 |   0.0
            +---------+---------+-------+---------+---------+-------
        D:1 |      43 |       0 |   0.0 |      24 |       0 |   0.0
            +---------+---------+-------+---------+---------+-------
